 Dungeon Crawl Stone Soup version 0.23-a0-455-ge12115f (webtiles) character file.

249 qvsushi the Ruffian (level 5, -1/53 HPs)
             Began as a Troll Monk on Nov 24, 2018.
             Slain by a goblin
             ... wielding a +0 club
             ... led by Robin
              (2 damage)
             ... on level 3 of the Dungeon.
             The game lasted 00:04:27 (1380 turns).

qvsushi the Ruffian (Troll Monk)                    Turns: 1380, Time: 00:04:31

Health: -1/53      AC:  5    Str: 20    XL:     5   Next: 86%
Magic:  4/4        EV: 11    Int:  6    God:
Gold:   121        SH:  0    Dex: 12    Spells: 4/4 levels left

rFire    . . .     SeeInvis .     - Unarmed
rCold    . . .     Gourm    +   (no shield)
rNeg     . . .     Faith    .   a - +0 robe
rPois    .         Spirit   .   (helmet restricted)
rElec    .         Reflect  .   (no cloak)
rCorr    .         Harm     .   (gloves unavailable)
MR       .....                  (boots unavailable)
Stlth    ++........             (no amulet)
HPRegen  0.57/turn              (no ring)
MPRegen  0.09/turn              (no ring)

@: lethally poisoned (-1 -> -11)
A: large, unfitting armour, claws 3, fast metabolism 3, gourmand, regeneration
1, shaggy fur 1, tough skin 2
a: no special abilities


You were on level 3 of the Dungeon.
You were very full.

You visited 1 branch of the dungeon, and saw 3 of its levels.

You collected 121 gold pieces.

Inventory:

Armour
 a - a +0 robe (worn)
Scrolls
 d - 2 scrolls of teleportation {unknown}
 e - a scroll of fear {unknown}
 f - 3 scrolls of identify {unknown}
 g - a scroll of amnesia {unknown}
 h - a scroll of noise {unknown}
Potions
 c - 2 potions of curing {unknown}
 i - a potion of heal wounds {unknown}
 j - a potion of agility {unknown}
Comestibles
 b - 4 rations


   Skills:
 + Level 3.0 Fighting
 + Level 3.5 Dodging
 - Level 1.0 Stealth
 + Level 5.4 Unarmed Combat


You had 4 spell levels left.
You didn't know any spells.
Your spell library was empty.

Dungeon Overview and Level Annotations

Branches:
Dungeon (3/15)

Altars:
Ru

Annotations:
D:3 Robin


Innate Abilities, Weirdness & Mutations

You are too large for most types of armour.
You have claws for hands.
Your metabolism is lightning-fast.
You like to eat raw meat.
Your natural rate of healing is unusually fast.
You are covered in fur. (AC +1)
You have very tough skin. (AC +2)


Message History

You feel sick.
The kobold throws a stone.
The stone hits you but does no damage. Robin barely misses you.
You scratch the goblin but do no damage.
* * * LOW HITPOINT WARNING * * *
You feel sick. The goblin barely misses you. The goblin closely misses you.
Robin roars a battlecry!
The goblin goes into a battle-frenzy!
You hear a shout!
You claw the goblin!
You kill the goblin!
* * * LOW HITPOINT WARNING * * *
You feel sick. The goblin closely misses you.
Robin hits you but does no damage.
You scratch the goblin.
The goblin is severely wounded.
* * * LOW HITPOINT WARNING * * *
You feel sick. The goblin hits you with a +0 club.
* * * LOW HITPOINT WARNING * * *
The goblin hits you with a +0 club.
You die...

...####...###
............#
#......(.รท).#
##........).####
#.$.......<...#
.(##..#K##...#.....
# #.##g##.#....###
... #(##.####...
### #@##.# ##.
#ggb...# #Kr....#
#......# .......#
........# .........
..........


You could see Robin, 2 goblins, a bat, 2 kobolds and a rat.

Vanquished Creatures
  An orc priest (D:3)
  3 jellies (D:2)
  An adder (D:2)
  7 oozes
  A dart slug (D:1)
  4 leopard geckos
  3 orcs (D:3)
  5 giant cockroaches
  14 goblins
  13 hobgoblins
  2 jackals (D:2)
  A ball python (D:1)
  4 bats
  4 frilled lizards (D:1)
  12 kobolds
  3 rats
78 creatures vanquished.

Vanquished Creatures (others)
  2 fungi (D:2)
  11 toadstools (D:2)
13 creatures vanquished.

Grand Total: 91 creatures vanquished

Notes
Turn   | Place    | Note
-------+----------+-------------------------------------------
     0 | D:1      | qvsushi the Troll Monk began the quest for the Orb.
     0 | D:1      | Reached XP level 1. HP: 22/22 MP: 0/0
   123 | D:1      | Reached XP level 2. HP: 29/29 MP: 1/1
   320 | D:1      | Reached XP level 3. HP: 36/36 MP: 2/2
   853 | D:2      | Found a sacrificial altar of Ru.
   939 | D:2      | Reached skill level 4 in Unarmed Combat
   950 | D:2      | Reached XP level 4. HP: 37/44 MP: 3/3
  1002 | D:2      | Reached XP level 5. HP: 23/53 MP: 4/4
  1011 | D:2      | Reached skill level 5 in Unarmed Combat
  1361 | D:3      | Noticed Robin
  1380 | D:3      | HP: 1/53 [goblin/+0 club[Robin] (3)]
  1380 | D:3      | Slain by a goblin

Vault maps used:
D:1:      lightli_molten_gateway, palyth_stone_intersect, st_stairs_9
D:2:      cheibrodos_fertilizer, overflow_temple_1_default
D:3:      cheibrodos_greedy_goblins, xom_teletrap_fun, grunt_dithmenos_smoke,
          uniq_robin

Skill      XL: |  1  2  3  4  5 |
---------------+----------------+-----
Dodging        | 3 |  3.5
Unarmed Combat | 4 5 |  5.4
Fighting       | 3 |  3.0
Stealth        | |  1.0

Action                   |  1- 3 |  4- 6 || total
-------------------------+-------+-------++-------
Melee: Unarmed           |   104 |    88 ||   192
       Punch             |       |     2 ||     2
 Stab: Sleeping          |     1 |       ||     1
  Eat: Chunk             |    10 |     6 ||    16
Armor: Robe              |    62 |    19 ||    81
Dodge: Dodged            |    83 |    70 ||   153

Table legend:
 A = Non-vault XP
 B = Vault XP
 C = Vault XP percentage of total XP
 D = Non-vault monster count
 E = Vault monster count
 F = Vault count percentage of total count
                 A         B        C        D         E       F
            +---------+---------+-------+---------+---------+-------
      Total |     155 |     201 |  56.5 |      52 |      26 |  33.3
            +---------+---------+-------+---------+---------+-------
        D:1 |      53 |       6 |  10.2 |      28 |       3 |   9.7
        D:2 |      40 |     179 |  81.7 |      16 |      15 |  48.4
        D:3 |      62 |      16 |  20.5 |       8 |       8 |  50.0
            +---------+---------+-------+---------+---------+-------
